Map: Backwater LE

Players

SvetlanaBae - Winner!

  • Race: Protoss Protoss
  • League: Grandmaster
  • Spawn Location: 11:00

Tesla (Rob)

  • Race: Protoss Protoss
  • League: Grandmaster
  • Spawn Location: 5:00

VOD

Have the link to the VOD?

Description

Time

  • Played on: Feb. 20, 2018, 3:32 p.m.
  • Length: 14:06
Show
View Real Time Build Order
Export as new Build Order

SvetlanaBae Protoss - Winner!

Build Orders: Phoenix Opening 

Get SALT Encoding   

  12  0:01  Probe  
  13  0:13  Probe  
  14  0:18  Pylon  
  14  0:25  Probe  
  15  0:37  Probe  
  15  0:38  Gateway  
  16  0:44  Assimilator  
  16  0:49  Probe (Chrono Boost)  
  17  0:59  Probe (Chrono Boost)  
  18  1:04  Probe (Chrono Boost)  
  18  1:05  Gateway  
  18  1:10  Assimilator  
  19  1:16  Probe  
  20  1:25  Cybernetics Core  
  20  1:28  Probe  
  21  1:35  Pylon  
  21  1:40  Probe  
  23  2:01  Adept x2  
  23  2:04  Stargate  
  23  2:06  Probe  
  27  2:18  Probe  
  28  2:26  Pylon  
  28  2:30  Probe  
  28  2:36  Adept  
  31  2:40  Shield Battery  
  31  2:46  Phoenix (Chrono Boost)  
  33  3:02  Phoenix (Chrono Boost)  
  32  3:26  Phoenix (Chrono Boost)  
  30  3:28  Nexus  
  30  3:32  Probe  
  31  3:39  Phoenix  
  33  3:46  Pylon  
  33  4:04  Phoenix (Chrono Boost)  
  33  4:09  Robotics Facility  
  35  4:10  Probe  
  36  4:21  Assimilator  
  36  4:22  Probe  
  37  4:28  Phoenix (Chrono Boost)  
  39  4:35  Probe  
  40  4:46  Phoenix  
  40  4:47  Probe  
  40  4:48  Probe  
  45  5:01  Immortal  
  45  5:02  Probe (Chrono Boost)  
  45  5:03  Probe (Chrono Boost)  
  50  5:13  Phoenix  
  53  5:15  Probe x2 (Chrono Boost)  
  54  5:23  Probe x2  
  54  5:25  Pylon  
  56  5:29  Shield Battery  
  56  5:48  Phoenix, Immortal (Chrono Boost)  
  58  5:50  Probe (Chrono Boost)  
  58  5:53  Probe (Chrono Boost)  
  60  6:01  Assimilator  
  60  6:03  Probe (Chrono Boost), Pylon  
  62  6:07  Probe (Chrono Boost)  
  62  6:08  Probe (Chrono Boost)  
  63  6:14  Phoenix  
  63  6:15  Probe  
  63  6:17  Probe  
  67  6:20  Immortal (Chrono Boost)  
  71  6:39  Phoenix  
  73  6:40  Pylon  
  73  6:42  Stargate  
  73  6:44  Pylon  
  73  6:52  Zealot x2  
  73  6:58  Immortal (Chrono Boost)  
  73  7:04  Phoenix  
  73  7:05  Probe x2  
  77  7:17  Probe  
  77  7:18  Probe  
  77  7:21  Pylon  
  79  7:29  Probe  
  80  7:30  Probe  
  80  7:31  Immortal  
  80  7:32  Phoenix  
  80  7:36  Shield Battery  
  87  7:39  Protoss Air Weapons Level 1 (Chrono Boost), Phoenix  
  89  7:57  Nexus  
  89  8:05  Phoenix  
  91  8:10  Phoenix  
  95  8:20  Probe x2, Immortal (Chrono Boost)  
  97  8:31  Pylon  
  97  8:32  Probe  
  97  8:33  Probe  
  99  8:37  Assimilator  
  99  8:41  Pylon  
  99  8:44  Assimilator, Probe  
  100  8:51  Phoenix  
  100  8:53  Observer (Chrono Boost)  
  103  8:57  Forge  
  103  8:59  Phoenix  
  105  9:06  Pylon  
  105  9:10  Observer (Chrono Boost)  
  105  9:16  Phoenix  
  104  9:26  Immortal (Chrono Boost)  
  104  9:27  Phoenix  
  108  9:32  Protoss Ground Weapons Level 1  
  108  9:34  Photon Cannon  
  108  9:41  Phoenix  
  106  9:52  Void Ray  
  108  9:53  Stalker  
  108  9:54  Sentry  
  116  10:05  Void Ray  
  93  10:36  Phoenix  
  93  10:37  Stalker  
  70  11:19  Nexus  
  66  11:53  Pylon  
  66  12:16  Pylon  
  62  12:38  Gateway  
  62  12:40  Pylon  
  50  13:25  Probe  
  35  13:35  Pylon  
  35  13:37  Assimilator  
  35  13:38  Probe  
  36  13:40  Assimilator  
  36  13:42  Pylon  
  36  13:50  Probe  
Show
View Real Time Build Order
Export as new Build Order

Tesla Protoss 

Build Orders:  

Get SALT Encoding   

  12  0:00  Probe  
  13  0:12  Probe  
  14  0:20  Pylon  
  14  0:24  Probe  
  15  0:38  Probe (Chrono Boost)  
  15  0:41  Gateway  
  16  0:49  Probe (Chrono Boost)  
  17  0:50  Assimilator  
  17  0:53  Assimilator  
  17  0:54  Probe (Chrono Boost)  
  18  1:04  Probe  
  18  1:09  Gateway  
  19  1:16  Probe  
  20  1:28  Cybernetics Core, Probe  
  21  1:36  Pylon  
  21  1:40  Probe  
  22  1:53  Probe  
  23  2:02  Stalker x2 (Chrono Boost)  
  23  2:06  Warp Gate  
  27  2:12  Probe  
  28  2:21  Pylon  
  28  2:26  Stalker  
  30  2:36  Stalker  
  31  2:59  Nexus  
  31  3:06  Probe  
  28  3:18  Probe (Chrono Boost)  
  27  3:29  Twilight Council  
  27  3:30  Probe (Chrono Boost)  
  28  3:39  Probe (Chrono Boost)  
  29  3:44  Probe  
  28  3:56  Probe  
  29  4:08  Probe  
  30  4:11  Stalker x2, Blink (Chrono Boost)  
  33  4:17  Probe  
  33  4:20  Probe  
  34  4:29  Probe  
  35  4:34  Stalker  
  35  4:35  Stalker  
  39  4:40  Probe  
  39  4:41  Probe  
  41  4:53  Probe x2  
  41  4:58  Stalker  
  45  5:01  Stalker  
  45  5:05  Probe x2  
  48  5:18  Probe x2  
  50  5:23  Stalker  
  52  5:28  Stalker  
  54  5:36  Pylon  
  54  5:41  Probe  
  47  5:50  Stalker  
  47  5:52  Stalker  
  47  5:55  Probe (Chrono Boost)  
  51  5:59  Probe (Chrono Boost)  
  51  6:07  Probe (Chrono Boost)  
  51  6:11  Probe (Chrono Boost)  
  53  6:13  Probe (Chrono Boost)  
  53  6:14  Stalker  
  53  6:17  Stalker  
  58  6:20  Probe (Chrono Boost)  
  60  6:28  Probe (Chrono Boost)  
  60  6:29  Probe (Chrono Boost)  
  57  6:34  Probe (Chrono Boost)  
  54  6:41  Gateway  
  54  6:42  Gateway  
  54  6:45  Gateway  
  54  6:46  Probe (Chrono Boost)  
  54  6:47  Probe (Chrono Boost)  
  46  6:59  Probe  
  46  7:00  Probe  
  48  7:04  Stalker x2  
  50  7:11  Pylon  
  50  7:17  Probe x2  
  52  7:28  Stalker x2  
  51  7:39  Stalker x3  
  57  7:51  Stalker  
  57  7:52  Stalker  
  61  8:00  Stalker  
  61  8:03  Stalker x2  
  65  8:08  Pylon  
  65  8:09  Assimilator  
  65  8:10  Probe x2  
  65  8:12  Pylon  
  60  8:22  Probe  
  60  8:25  Stalker x3  
  67  8:27  Stalker  
  67  8:29  Stalker  
  71  8:40  Pylon  
  71  8:43  Assimilator  
  71  8:48  Stalker x2  
  71  8:50  Stalker  
  77  8:55  Stalker  
  77  9:01  Stalker  
  81  9:14  Stalker x2  
  85  9:17  Stalker  
  84  9:30  Stalker x2, Pylon  
  87  9:48  Stalker x3  
  86  9:54  Stalker  
  86  10:00  Stalker  
  76  10:39  Nexus  
Tags
 
Add a new tag
Caveats
  • Supply blocks, unpowered buildings, or Contaminate may cause inaccurate times.
  • Supply counts are checked every 10 seconds.